 Dungeon Crawl Stone Soup version 0.29-a0-330-g52719c12eb (webtiles) character file.

Game seed: 7137471907500120791

1712 kae the Firebug (level 8, -5/57 HPs)
             Began as a Demigod Fire Elementalist on Apr 19, 2022.
             Slain by an orc warrior
             ... wielding a +0 dire flail
              (12 damage)
             ... on level 5 of the Dungeon.
             The game lasted 00:08:24 (8101 turns).

kae the Firebug (Demigod Fire Elementalist)         Turns: 8101, Time: 00:08:25

Health: -5/57      AC:  4    Str:  9    XL:     8   Next: 46%
Magic:  22/27      EV: 12    Int: 31    God:
Gold:   209        SH:  0    Dex: 18    Spells: 3/16 levels left

rFire   . . .      SeeInvis .   z - +4 hand axe "Numneoh" {protect, *Rage Dex+4}
rCold   . . .      Faith    .   (no shield)
rNeg    . . .      Spirit   .   e - +2 robe {Will+}
rPois   .          Reflect  .   (no helmet)
rElec   .          Harm     .   (no cloak)
rCorr   .          Rampage  .   (no gloves)
Will    +....      Rage     20% (no boots)
Stlth   ++........              (no amulet)
HPRegen 0.19/turn               h - ring of magical power
MPRegen 0.20/turn               k - +6 ring of intelligence

@: no status effects
A: high MP 1, forlorn, divine attributes
a: no special abilities


You were on level 5 of the Dungeon.
You visited 1 branch of the dungeon, and saw 6 of its levels.
You also visited: Sewer.

You collected 344 gold pieces.
You spent 135 gold pieces at shops.

Inventory:

Hand Weapons
 f - a +1 short sword of flaming
 u - a +2 vorpal war axe
 z - the +4 hand axe "Numneoh" (weapon) {protect, *Rage Dex+4}
   (You found it on level 5 of the Dungeon)

   It grants its wielder temporary protection when it strikes (+7 to AC).
   Dex:       It affects your dexterity (+4).
   *Rage:     It berserks you when you make melee attacks (+20% chance).
Armour
 a - a +0 robe
 e - a +2 robe of willpower (worn)
Jewellery
 h - a ring of magical power (left hand)
 k - a +6 ring of intelligence (right hand)
 t - a ring of flight
 v - a ring of fire
 w - an amulet of magic regeneration
 y - a ring of wizardry
Wands
 s - a wand of charming (19)
Scrolls
 d - a scroll of teleportation
 i - a scroll of enchant weapon
 p - 4 scrolls of identify
 q - a scroll of blinking
 r - a scroll of summoning
Potions
 b - 3 potions of magic
 c - a potion of ambrosia
 g - 4 potions of curing
 j - a potion of haste
 l - 2 potions of might
 m - 3 potions of heal wounds
 n - a potion of lignification {unknown}
 o - 2 potions of flight {unknown}
 x - 2 potions of degeneration {unknown}
 A - a potion of mutation {unknown}


   Skills:
 - Level 1.7 Dodging
 - Level 1.7 Stealth
 + Level 4.9 Spellcasting
 + Level 5.1 Conjurations
 * Level 7.8 Fire Magic


You had 3 spell levels left.
You knew the following spells:

 Your Spells              Type           Power      Damage    Failure   Level
a - Foxfire               Conj/Fire      100%       2x1d9     1%          1
b - Scorch                Fire           100%       2d10      1%          2
c - Conjure Flame         Conj/Fire      47%        6-21      1%          3
d - Inner Flame           Hex/Fire       31%        N/A       3%          3
e - Flame Wave            Conj/Fire      47%        2d10      3%          4

Your spell library contained the following spells:

 Spells                   Type           Power      Damage    Failure   Level
 Ensorcelled Hibernation  Hex/Ice        14%        N/A       9%          2
 Call Canine Familiar     Summ           7%         N/A       17%         3
 Portal Projectile        Hex/Tloc       14%        N/A       17%         3
 Spider Form              Tmut/Pois      7%         N/A       17%         3
 Anguish                  Hex/Necr       3%         N/A       50%         4
 Leda's Liquefaction      Hex/Erth       3%         N/A       50%         4
 Summon Lightning Spire   Summ/Air       7%         N/A       50%         4
 Storm Form               Tmut/Air       3%         N/A       100%        7
 Maxwell's Capacitive Co  Air            3%         ∞         100%        8


Dungeon Overview and Level Annotations

Branches:
Dungeon (6/15)             Temple (0/1) D:4           Sewer (visited)

Shops:
D:1 :   D:5 **


Innate Abilities, Weirdness & Mutations

You have an increased reservoir of magic. (+10% MP)
You shall have no god before yourself.
Your divine heritage dramatically boosts your attributes as you level up.


Message History

The foxfire hits the orc warrior but does no damage.
The foxfire hits the orc warrior.
The orc warrior is moderately wounded.
The orc priest invokes the aid of Beogh against you.
Beogh smites you!
Casting: Foxfire (safe; 1% risk of failure)
Confirm with . or Enter, or press ? or * to list all spells.
You miscast Foxfire.
You are very lightly contaminated with residual magic.
Nothing appears to happen.
Casting: Foxfire (safe; 1% risk of failure)
Confirm with . or Enter, or press ? or * to list all spells.
Flames lash the orc priest.
You kill the orc priest!
The orc warrior misses you.
The orc priest casts a cantrip, but nothing happens.
The orc warrior attacks as you move away!
The orc warrior misses you.
There is an escape hatch in the ceiling here.
The orc warrior hits you with a +0 dire flail!
Your magical contamination has completely faded away.
A mysterious force pulls you upwards. The hatch slams shut behind you.
Casting: Scorch (safe; 1% risk of failure)
Confirm with . or Enter, or press ? or * to list all spells.
Flames lash the orc warrior.
The orc warrior is moderately wounded.
The orc warrior's fire resistance burns away.
The orc warrior hits you with a +0 dire flail.
The orc warrior hits you with a +0 dire flail!
* * * LOW HITPOINT WARNING * * *
The orc warrior attacks as you move away!
The orc warrior hits you with a +0 dire flail.
* * * LOW HITPOINT WARNING * * *
The orc warrior is no longer more vulnerable to fire.
The orc warrior attacks as you move away!
The orc warrior closely misses you.
Really walk into that teleport trap?
The orc warrior attacks as you move away!
The orc warrior hits you with a +0 dire flail!
You die...

#####........#........###......
##.............##...........
#..........##..##...........
#.........##...###..........
##.[.(...##....##......##.##
#..##..................#....
###.....##.....##............
#............................
####..........^@o...............
##.##............................
#..###.................#.........
#....##................#.........
......##...#..........##..#####..
#.....###..#.........###..#######
##....##..##........#####..##....
#........###..#.......##...#.≈≈≈
#........#....#............'.≈≈≈


You could see an orc warrior.

Vanquished Creatures
  A black bear (D:6)
  3 ogres
  A gnoll sergeant (D:3)
  2 bullfrogs (Sewer)
  2 scorpions
  4 howler monkeys
  6 orc priests
  A hound (D:3)
  An iguana (D:5)
  2 gnoll shamans (D:4)
  Jessica (D:2)
  An orc wizard (D:3)
  Robin (D:1)
  27 gnolls
  6 adders
  A shadow imp (D:6)
  2 worms
  A dart slug (D:2)
  49 orcs
  13 ball pythons
  10 endoplasms
  11 giant cockroaches
  8 hobgoblins
  11 jackals (D:3)
  10 quokkas
  3 bats (D:1)
  8 frilled lizards
  14 goblins
  6 kobolds
  13 rats
219 creatures vanquished.

Vanquished Creatures (others)
  533 foxfires
533 creatures vanquished.

Grand Total: 752 creatures vanquished

Notes
Turn   | Place    | Note
-------+----------+-------------------------------------------
     0 | D:1      | kae the Demigod Fire Elementalist began the quest for the
                  | Orb.
     0 | D:1      | Reached XP level 1. HP: 14/14 MP: 5/5
   131 | D:1      | Reached skill level 1 in Conjurations
   246 | D:1      | Reached skill level 3 in Fire Magic
   402 | D:1      | Reached XP level 2. HP: 20/20 MP: 4/7
   564 | D:1      | Found Noykkig's Book Shop.
   679 | D:1      | Learned a level 2 spell: Scorch
   884 | D:2      | Noticed Robin
  1303 | D:1      | Reached XP level 3. HP: 22/26 MP: 3/8
  1356 | D:1      | Killed Robin
  1508 | D:2      | Noticed Jessica
  1514 | D:2      | Killed Jessica
  1731 | D:2      | Reached XP level 4. HP: 33/33 MP: 5/10
  2239 | D:3      | Reached skill level 4 in Fire Magic
  2425 | D:3      | Reached XP level 5. HP: 38/38 MP: 11/11
  3342 | D:3      | Reached XP level 6. HP: 45/45 MP: 13/13
  3345 | D:3      | Reached skill level 5 in Fire Magic
  3614 | D:3      | Learned a level 3 spell: Conjure Flame
  3618 | D:3      | Learned a level 3 spell: Inner Flame
  3646 | D:3      | HP: 2/45 [gnoll/+0 club (3)]
  4276 | D:3      | Reached XP level 7. HP: 50/50 MP: 15/15
  4611 | D:4      | Reached skill level 6 in Fire Magic
  4634 | D:4      | Found a glowing drain.
  4658 | Sewer    | Entered a sewer
  5903 | D:4      | Found a staircase to the Ecumenical Temple.
  6084 | D:4      | Learned a level 4 spell: Flame Wave
  6802 | D:5      | Entered Level 5 of the Dungeon
  7008 | D:5      | Found Marul's General Store.
  7012 | D:5      | Found Bacezetz's Specific Store.
  7018 | D:5      | Reached skill level 7 in Fire Magic
  7018 | D:5      | Reached XP level 8. HP: 57/57 MP: 18/18
  7139 | D:5      | Bought a potion of heal wounds for 75 gold pieces
  7139 | D:5      | Bought a scroll of identify for 30 gold pieces
  7139 | D:5      | Bought a scroll of identify for 30 gold pieces
  7380 | D:5      | Identified the +4 hand axe "Numneoh" {protect, *Rage Dex+4}
  7634 | D:6      | Reached skill level 5 in Conjurations
  8101 | D:5      | Slain by an orc warrior

Illustrated notes

Levels and vault maps discovered:
D:1:      dpeg_chamrin_arrival_tetris, layout_basic, serial_shops, shop
D:2:      layout_rooms, grunt_decor_mini_mirrors, uniq_jessica, uniq_robin
D:3:      lemuel_castle_with_subvaults [lemuel_castle_interior_carwin_3],
          layout_rooms, ebering_ecumenical_altar_box
D:4:      layout_basic, temple_fountains, portal_sewer_entry_b
D:5:      layout_cave_pools, nicolae_specific_store, nrook_pool_corridor
D:6:      layout_basic, serial_shops, nicolae_shop_advertising_works
          [nicolae_subvault_shop_adworks]

Skill      XL: |  1  2  3  4  5  6  7  8 |
---------------+-------------------------+-----
Conjurations   | 1 2 3 4 5 |  5.1
Fire Magic     | 3 4 5 7 |  7.8
Spellcasting   | 2 3 4 |  4.9
Dodging        | |  1.7
Stealth        | |  1.7

Action                   |  1- 3 |  4- 6 |  7- 9 || total
-------------------------+-------+-------+-------++-------
Melee: Short sword       |    27 |    13 |     5 ||    45
       War axe           |       |       |     7 ||     7
       Hand axe          |       |       |     6 ||     6
 Cast: Foxfire           |    61 |   120 |   131 ||   312
       Scorch            |    13 |    32 |    43 ||    88
       Conjure Flame     |       |     1 |     1 ||     2
  Use: Scroll            |     3 |       |    12 ||    15
       Potion            |       |       |     2 ||     2
Armor: Robe              |    22 |     8 |    17 ||    47
Dodge: Dodged            |    58 |    28 |    57 ||   143

Table legend: (Time is in decaauts)
 A = Elapsed time spent in this place.
 B = Non-inter-level travel time spent in this place.
 C = Inter-level travel time spent in this place.
 D = Time resting spent in this place.
 E = Time spent auto-exploring this place.
 F = Levels seen in this place.
 G = Mean time per level.
                   A        B        C        D        E       F      G
               +--------+--------+--------+--------+--------+-----+--------+
         Total |   8236 |   8046 |    190 |   1051 |   5378 |   7 | 1176.6 |
       Dungeon |   7212 |   7022 |    190 |   1051 |   4629 |   6 | 1202.0 |
         Sewer |   1023 |   1023 |      0 |      0 |    748 |   1 | 1023.0 |
               +--------+--------+--------+--------+--------+-----+--------+

Top non-repeatable levels by time:
     D:3: 2150 daAuts
     D:1: 1411 daAuts
     D:4: 1323 daAuts
   Sewer: 1023 daAuts
     D:2: 1015 daAuts
     D:6: 675 daAuts
     D:5: 636 daAuts
